 Dungeon Crawl Stone Soup version 0.31-a0-986-g5e6e4ef867 (webtiles) character file.

Game seed: 12022664884249579238

70 Hooloovoo the Trooper (level 4, 0/40 HPs)
             Began as a Draconian Fighter on Nov 5, 2023.
             Slain by Crazy Yiuf
             ... wielding a +3 quarterstaff of chaos
              (9 damage)
             ... on level 2 of the Dungeon.
             The game lasted 00:11:45 (1045 turns).

Hooloovoo the Trooper (Draconian Fighter)           Turns: 1045, Time: 00:11:45

Health: 0/40       AC: 10    Str: 20    XL:     4   Next: 3%
Magic:  4/4        EV: 12    Int:  8    God:
Gold:   72         SH:  9    Dex: 11    Spells: 3/3 levels left

rFire   + . .        a - +0 trident
rCold   . . .        b - +0 buckler
rNeg    . . .        (body armour unavailable)
rPois   .            (helmet restricted)
rElec   .            (no cloak)
rCorr   .            d - +0 pair of gloves
SInv    .            (no boots)
Will    .....        f - amulet of reflection
Stlth   +            m - ring of protection from fire
HPRegen 0.26/turn    p - +4 ring of protection
MPRegen 0.09/turn

%: reflection
@: no status effects
A: AC +5, unfitting armour, cold-blooded
a: no special abilities


You were on level 2 of the Dungeon.
You visited 1 branch of the dungeon, and saw 2 of its levels.

You collected 72 gold pieces.

Inventory:

Hand Weapons
 a - a +0 trident (weapon)
 n - a +1 flail of holy wrath
Missiles
 q - 4 poisoned darts (quivered)
Armour
 b - a +0 buckler (worn)
 d - a +0 pair of gloves (worn)
Magical Staves
 o - a staff of conjuration
Jewellery
 f - an amulet of reflection (around neck)
 m - a ring of protection from fire (left hand)
 p - a +4 ring of protection (right hand)
Talismans
 k - a blade talisman
Scrolls
 i - 2 scrolls of revelation {unknown}
 l - a scroll of identify {unknown}
 r - a scroll of vulnerability {unknown}
Potions
 c - a potion of might
 e - 2 potions of mutation {unknown}
 g - a potion of brilliance {unknown}
 h - a potion of haste {unknown}
 j - 3 potions of curing {unknown}


   Skills:
 + Level 4.1 Fighting
 + Level 2.6 Polearms
 + Level 3.1 Dodging
 + Level 0.3 Stealth
 + Level 3.4 Shields


You had 3 spell levels left.
You didn't know any spells.
Your spell library contained the following spells:

 Spells                   Type           Power      Damage    Failure   Level
 Simulacrum               Ice/Necr       0%         N/A       100%        6
 Ozocubu's Refrigeration  Ice            0%         4d7       100%        7
 Polar Vortex             Ice            0%         N/A       100%        9


Dungeon Overview and Level Annotations

Branches:
Dungeon (2/15)

Altars:

Shops:
D:1 !

Annotations:
D:2 Crazy Yiuf


Innate Abilities, Weirdness & Mutations

Your plain brown scales are hard. (AC +5)
You cannot fit into any form of body armour.
You are cold-blooded and may be slowed by cold attacks.


Message History

Crazy Yiuf is lightly wounded.
You barely miss Crazy Yiuf.
Crazy Yiuf is lightly wounded.
Crazy Yiuf hits you with a +3 quarterstaff of chaos.
You are poisoned.
You barely miss Crazy Yiuf.
Crazy Yiuf is lightly wounded.
You feel very sick. You block Crazy Yiuf's attack. x2
You hit Crazy Yiuf.
Crazy Yiuf is moderately wounded.
You feel very sick. You block Crazy Yiuf's attack.
You hit Crazy Yiuf.
Crazy Yiuf is moderately wounded.
You feel sick.
Crazy Yiuf hits you with a +3 quarterstaff of chaos!
Crazy Yiuf freezes you.
You closely miss Crazy Yiuf.
Crazy Yiuf is moderately wounded.
You feel sick. You block Crazy Yiuf's attack.
You hit Crazy Yiuf but do no damage.
Crazy Yiuf is moderately wounded.
You feel sick. Crazy Yiuf closely misses you.
You puncture Crazy Yiuf!
Crazy Yiuf is severely wounded.
You feel sick.
Crazy Yiuf laughs, "Citrus bush dark!"
You block Crazy Yiuf's attack.
Crazy Yiuf hits you with a +3 quarterstaff of chaos.
* * * LOW HITPOINT WARNING * * *
You closely miss Crazy Yiuf.
Crazy Yiuf is severely wounded.
You feel sick.
You are no longer poisoned.
You block Crazy Yiuf's attack.
You hit Crazy Yiuf but do no damage.
Crazy Yiuf is severely wounded.
Crazy Yiuf hits you with a +3 quarterstaff of chaos!
You die...

#.#.#####.
#.......#.
#.#.###.#. #####
#.#.....#. #)..#
#.#.#####. #...#
#......... ...
###.#####. #g#
#####.# ## ####
♣@♣♣ #...#.# # #.<#
♣♣.♣ ##.##.#
#.#.##. ♣.♣♣ #.##.#
#.#....# ♣♣.♣
##.##.######
........... ♣♣.♣♣
#...........
#........## ♣♣...♣
##.##.......
....###### ♣....♣
#.#######.. ....#
##..## #.......#.#
....#
#....##########.#.#


You could see Crazy Yiuf.

Vanquished Creatures
  Terence (D:2)
  An adder (D:2)
  A worm (D:2)
  A dart slug (D:2)
  2 ball pythons
  3 endoplasms
  2 giant cockroaches (D:1)
  2 hobgoblins
  4 jackals (D:2)
  7 kobolds
  2 quokkas
  A bat (D:2)
  A goblin (D:1)
  A rat (D:1)
29 creatures vanquished.

Notes
Turn   | Place    | Note
-------+----------+-------------------------------------------
     0 | D:1      | Hooloovoo the Draconian Fighter began the quest for the
                  | Orb.
     0 | D:1      | Reached XP level 1. HP: 19/19 MP: 1/1
     6 | D:1      | Noticed a komodo dragon
     6 | D:1      | Noticed an imperial myrmidon
     7 | D:1      | Noticed a hell rat
     7 | D:1      | Noticed an ettin
    94 | D:1      | Found Maafotsi's Distillery.
   242 | D:1      | Reached XP level 2. HP: 26/26 MP: 2/2
   623 | D:2      | Noticed Terence
   634 | D:2      | Killed Terence
   635 | D:2      | Reached skill level 4 in Fighting
   635 | D:2      | Reached XP level 3. HP: 27/33 MP: 3/3
   916 | D:2      | Reached XP level 4. HP: 40/40 MP: 4/4
  1031 | D:2      | Found a runed translucent door.
  1032 | D:2      | Noticed Crazy Yiuf
  1045 | D:2      | Slain by Crazy Yiuf

Illustrated notes

Levels and vault maps discovered:
D:1:      onia_arrival_zoo_common, layout_rooms, serial_shops, shop
D:2:      layout_basic, uniq_terence, uniq_crazy_yiuf_cottage

Skill      XL: |  1  2 |
---------------+-------+-----
Fighting       | 4 |  4.1
Dodging        | 3 |  3.1
Polearms       | |  2.6
Stealth        | |  0.3
Shields        | |  3.4

Action                     |  1- 3 |  4- 6 || total
---------------------------+-------+-------++-------
  Melee: Trident           |    97 |    10 ||   107
         Tailslap          |     7 |       ||     7
   Stab: Sleeping          |     1 |       ||     1
 Armour: Skin              |    34 |     4 ||    38
  Dodge: Dodged            |    46 |     1 ||    47
  Block: Buckler           |    31 |     6 ||    37

Table legend: (Time is in decaauts)
 A = Elapsed time spent in this place.
 B = Non-inter-level travel time spent in this place.
 C = Inter-level travel time spent in this place.
 D = Time resting spent in this place.
 E = Time spent auto-exploring this place.
 F = Levels seen in this place.
 G = Mean time per level.
                   A        B        C        D        E       F      G
               +--------+--------+--------+--------+--------+-----+--------+
         Total |   1068 |    270 |    798 |      0 |      0 |   2 |  534.0 |
       Dungeon |   1068 |    270 |    798 |      0 |      0 |   2 |  534.0 |
               +--------+--------+--------+--------+--------+-----+--------+

Top non-repeatable levels by time:
     D:2: 630 daAuts
     D:1: 438 daAuts
